 Dungeon Sprint DCSS version 0.27.1 (webtiles) character file.

Game seed: 11058826955654109887

249 styxcanada the Covert (level 5, 0/29 HPs)
             Began as a Spriggan Brigand on Aug 22, 2021.
             Was an Initiate of Gozag.
             Succumbed to a scorpion's poison
             ... in the Dungeon (Sprint IV: "Fedhas' Mad Dash").
             The game lasted 00:03:20 (654 turns).

styxcanada the Covert (Spriggan Brigand)             Turns: 654, Time: 00:03:21

Health: 0/29       AC:  3    Str:  7    XL:     5   Next: 86%
Magic:  6/6        EV: 20    Int: 13    God:    Gozag
Gold:   222        SH:  0    Dex: 17    Spells: 4/4 levels left

rFire    . . .     SeeInvis +   a - +2 dagger
rCold    . . .     Faith    .   (shield restricted)
rNeg     . . .     Spirit   .   b - +0 robe
rPois    .         Reflect  .   (helmet restricted)
rElec    .         Harm     .   c - +0 cloak
rCorr    .         Rampage  .   (gloves unavailable)
Will     .....     NoTele   +   (boots unavailable)
Stlth    ++++++....             f - amulet of invisibility {+Inv}
HPRegen  0.09/turn              (no ring)
MPRegen  0.10/turn              (no ring)

@: lethally poisoned (0 -> -8), on berserk cooldown, slowed, quick
A: very small, no large weapons, unfitting armour, see invisible, speed 3
a: Renounce Religion, Evoke Invisibility, Potion Petition, Call Merchant, Bribe
Branch


You were in the Dungeon.
You worshipped Gozag.
Gozag was aware of your devotion.
You visited 1 branch You collected 222 gold pieces.

Inventory:

Hand Weapons
 a - a +2 dagger (weapon)
 g - a +1 vampiric rapier
Missiles
 d - 3 poisoned darts (quivered)
Armour
 b - a +0 robe (worn)
 c - a +0 cloak (worn)
Jewellery
 f - the amulet of invisibility (around neck) {+Inv}
   (You found it in the Dungeon)

   [amulet of nothing]

   +Inv:      It lets you turn invisible.
Scrolls
 e - a scroll of magic mapping {unknown}
Potions
 h - a potion of haste
 i - 2 potions of magic


   Skills:
 * Level 3.7 Fighting
 + Level 4.0 Short Blades
 + Level 4.1 Throwing
 * Level 5.7 Dodging
 * Level 14.5 Stealth
 + Level 2.0 Evocations


You had 4 spell levels left.
You didn't know any spells.
Your spell library was empty.

Dungeon Overview and Level Annotations

Branches:
Dungeon (1/1)

Altars:
Cheibriados
Dithmenos
Elyvilon
Gozag
Hepliaklqana
Kikubaaqudgha
Makhleb
Nemelex Xobeh
Okawaru
Qazlal
Ru
Sif Muna
Trog
Uskayaw
Vehumet
Wu Jian
Xom
Yredelemnul
Zin
The Shining One
Beogh
Jiyva
Lugonu


Innate Abilities, Weirdness & Mutations

You are very small and have problems with some larger weapons.
You are too small for most types of armour.
You have supernaturally acute eyesight. (SInv)
You cover ground extremely quickly. (Speed+++)


Message History

There is an open door, spattered with blood here.
Things that are here:
a +1 vampiric rapier; a +0 robe You feel a strong urge to attack something.
You now have 188 gold pieces (gained 18).
You are no longer berserk.
You are exhausted.
You feel yourself slow down.
You now have 204 gold pieces (gained 16).
You now have 222 gold pieces (gained 18).
There is an open door, spattered with blood here.
Things that are here:
a +1 vampiric rapier; a +0 robe
g - a +1 vampiric rapier You see here a smoky silvery potion.
Throw: 5 darts (poison)
Press: ? - help, Q - select action, (/) - cycle Shift-Dir - straight line, f - scorpion
Aim: a scorpion (wandering, hasn't noticed you, 63% to hit)
You throw a poisoned dart. The poisoned dart hits the scorpion.
The scorpion completely misses you.
Your magical contamination has completely faded away.
The scorpion barely misses you.
There is an open door here.
There is a corrupted altar of Lugonu here.
There is an ancient bone altar of Kikubaaqudgha here.
There is a viscous altar of Jiyva here.
Throw: 4 darts (poison)
Press: ? - help, Q - select action, (/) - cycle Shift-Dir - straight line, f/p - scorpion
Aim: a scorpion (63% to hit)
You throw a poisoned dart. The poisoned dart hits the scorpion.
The scorpion is poisoned.
The scorpion closely misses you. The scorpion stings you.
* * * LOW HITPOINT WARNING * * *
You are lethally poisoned!
The scorpion poisons you!
* * * LOW HITPOINT WARNING * * *
You feel sick.
There is a hazy altar of Hepliaklqana here.
You die...
Your body crumbles into a pile of gold.

#################################
#.....#.....#.⌠$_._._._.⌠.#..[...
'.[...'.#[[.((._@_s_._._..'(.#...
#.....#.#...#..._._._._...#..###+
##########'##.._._._._._..#.!#
.....'..s#._._._._._.⌠.####
.....#.$$############### .♣..
##### $ ## $$$ $$ $


You could see a scorpion (poisoned).

Vanquished Creatures
  A scorpion (D)
  4 oklob saplings (D)
  2 spriggans (D)
  A river rat (D)
  A rat (D)
9 creatures vanquished.

Vanquished Creatures (others)
  A fungus (D)
1 creature vanquished.

Grand Total: 10 creatures vanquished

Notes
Turn   | Place    | Note
-------+----------+-------------------------------------------
     0 | D        | styxcanada the Spriggan Brigand began the quest for the
                  | Orb.
     0 | D        | Reached XP level 1. HP: 10/10 MP: 2/2
    22 | D        | Reached skill level 7 in Stealth
    22 | D        | Reached XP level 2. HP: 5/15 MP: 3/3
   226 | D        | Noticed an oklob sapling
   228 | D        | Killed an oklob sapling
   229 | D        | Reached skill level 9 in Stealth
   229 | D        | Reached XP level 3. HP: 18/18 MP: 4/4
   230 | D        | Noticed a scorpion
   230 | D        | Found the amulet of invisibility {+Inv}
   241 | D        | Killed a scorpion
   242 | D        | Reached skill level 11 in Stealth
   242 | D        | Reached XP level 4. HP: 16/23 MP: 5/5
   463 | D        | Found an opulent altar of Gozag.
   463 | D        | Found a hazy altar of Hepliaklqana.
   463 | D        | Found a burning altar of Makhleb.
   463 | D        | Found a sparkling altar of Nemelex Xobeh.
   463 | D        | Found a snail-covered altar of Cheibriados.
   463 | D        | Found a sacrificial altar of Ru.
   463 | D        | Found a shimmering blue altar of Sif Muna.
   463 | D        | Found a shimmering altar of Xom.
   463 | D        | Found a basalt altar of Yredelemnul.
   464 | D        | Found a viscous altar of Jiyva.
   464 | D        | Found a bloodstained altar of Trog.
   464 | D        | Found an ornate altar of the Wu Jian Council.
   465 | D        | Found an iron altar of Okawaru.
   465 | D        | Found a shadowy altar of Dithmenos.
   465 | D        | Found a glowing silver altar of Zin.
   466 | D        | Found an ancient bone altar of Kikubaaqudgha.
   466 | D        | Found a hide-covered altar of Uskayaw.
   467 | D        | Found a stormy altar of Qazlal.
   467 | D        | Found a white marble altar of Elyvilon.
   467 | D        | Found a glowing golden altar of the Shining One.
   468 | D        | Found a corrupted altar of Lugonu.
   468 | D        | Found a radiant altar of Vehumet.
   472 | D        | Reached skill level 13 in Stealth
   472 | D        | Reached XP level 5. HP: 28/28 MP: 3/6
   475 | D        | Became a worshipper of Gozag Ym Sagoz the Greedy
   517 | D        | Reached skill level 5 in Dodging
   517 | D        | Reached skill level 1 in Evocations
   539 | D        | Reached skill level 14 in Stealth
   654 | D        | Succumbed to a scorpion's poison

Illustrated notes

Levels and vault maps discovered:
D:        dungeon_sprint_fedhas [sprint_temple]

Skill      XL: |  1  2  3  4  5 |
---------------+----------------+-----
Dodging        | 2 3 4 5 |  5.7
Stealth        | 7 9 11 13 14 | 14.5
Fighting       | 2 3 |  3.7
Short Blades   | 3 4 |  4.0
Throwing       | 3 4 |  4.1
Evocations     | 2 |  2.0

Action                   |  1- 3 |  4- 6 || total
-------------------------+-------+-------++-------
Melee: Dagger            |     5 |    16 ||    21
Throw: Dart              |    11 |     9 ||    20
 Abil: Evoke Invisibilit |       |     3 ||     3
  Use: Potion            |     1 |     2 ||     3
       Scroll            |       |     1 ||     1
 Stab: Sleeping          |     1 |     2 ||     3
       Invisible         |       |     1 ||     1
Armor: Robe              |     1 |       ||     1
Dodge: Dodged            |     6 |    17 ||    23
